 Dungeon Crawl Stone Soup version 0.32-a0-928-g1cae6b7ea0 (webtiles) character file.

Game seed: 9983780390460815923

653 uglyjohn the Conjurer (level 7, 0/49 (57) HPs)
             Began as a Yellow Draconian Conjurer on Apr 12, 2024.
             Slain by a wight
             ... wielding a +4 falchion
              (8 damage)
             ... on level 4 of the Dungeon.
             The game lasted 00:07:54 (4281 turns).

uglyjohn the Conjurer (Yellow Draconian Conjurer)   Turns: 4281, Time: 00:07:54

HP:   0/49 (57)     AC:  6    Str: 12    XL:     7   Next: 29%
MP:   21/21         EV: 11    Int: 20    God:
Gold: 133           SH:  0    Dex:  9    Spells: 10/13 levels left

rFire   . . .        n - +1 dagger (venom)
rCold   . . .        (no shield)
rNeg    . . .        (body armour unavailable)
rPois   .            (helmet restricted)
rElec   .            (no cloak)
rCorr   +            (no gloves)
SInv    .            (no boots)
Will    .....        (no amulet)
Stlth   ++           m - ring of Beauty {Fly MP+9 Str+2}
HPRegen 0.28/turn    (no ring)
MPRegen 0.17/turn

%: no passive effects
@: weak-willed, flying, heavily drained
A: caustic breath, AC +6, unfitting armour, cold-blooded, acid resistance
a: Caustic Breath


You were on level 4 of the Dungeon.
You visited 1 branch of the dungeon, and saw 5 of its levels.

You collected 133 gold pieces.

Inventory:

Hand Weapons
 n - a +1 dagger of venom (weapon)
Jewellery
 m - the ring of Beauty (left hand) {Fly MP+9 Str+2}
   (You found it on level 3 of the Dungeon)

   [ring of magical power]

   Str+2:     It affects your strength (+2).
   MP+9:      It affects your magic capacity (+9).
   Fly:       It grants you flight.
Wands
 r - a wand of paralysis (5)
Scrolls
 b - a scroll of enchant armour {unknown}
 f - 2 scrolls of enchant weapon
 h - a scroll of poison {unknown}
 i - 2 scrolls of vulnerability
 j - a scroll of immolation {unknown}
 k - a scroll of blinking {unknown}
 q - 2 scrolls of noise {unknown}
 s - a scroll of brand weapon {unknown}
 t - 2 scrolls of identify
 u - a scroll of silence {unknown}
 v - a scroll of fear {unknown}
Potions
 a - a potion of magic
 c - 2 potions of degeneration {unknown}
 d - a potion of heal wounds {unknown}
 e - 3 potions of haste {unknown}
 g - a potion of berserk rage {unknown}
 l - a potion of might {unknown}
 o - 2 potions of lignification {unknown}
 p - a potion of cancellation {unknown}
 w - 2 potions of curing {unknown}
 x - 2 potions of invisibility {unknown}


   Skills:
 + Level 3.6 Fighting
 + Level 3.6 Dodging
 - Level 1.7 Stealth
 + Level 3.7 Spellcasting
 * Level 6.4 Conjurations


You had 10 spell levels left.
You knew the following spells:

 Your Spells              Type           Power      Damage    Failure   Level
a - Magic Dart            Conj           100%       1d8       1%          1
b - Searing Ray           Conj           58%        2d6       1%          2

Your spell library contained the following spells:

 Spells                   Type           Power      Damage    Failure   Level
 Static Discharge         Conj/Air       32%        3-5/arc   5%          2
 Stone Arrow              Conj/Erth      32%        3d9       11%         3
 Fulminant Prism          Conj/Alch      8%         3d7       34%         4
 Iskenderun's Mystic Bla Conj/Tloc 16%            2d5        (+2d2     34%         4
 Airstrike                Air            1%         2d(1-17)  78%         4
 Summon Lightning Spire   Summ/Air       3%         N/A       78%         4
 Lehudib's Crystal Spear  Conj/Erth      8%         10d3      100%        8
 Chain Lightning          Conj/Air       8%         3d10      100%        9
 Fire Storm               Conj/Fire      8%         8d2       100%        9
 Shatter                  Erth           1%         3d6*      100%        9
 Animate Armour           Summ/Erth      Unusable   N/A       N/A         4

Dungeon Overview and Level Annotations

Branches:
Dungeon (5/15)
 Temple: D:4-7

Altars:
Yredelemnul


Innate Abilities, Weirdness & Mutations

You can breathe corrosive fumes.
Your golden yellow scales are hard. (AC +6)
You cannot fit into any form of body armour.
You are cold-blooded and may be slowed by cold attacks.
You are resistant to acid. (rCorr)


Message History

There is a stone staircase leading up here.
You see here a hobgoblin skeleton.
You pick up a book of Annihilations and begin reading...
You add the spells Chain Lightning, Fire Storm and Shatter to your library.
Done exploring.
Done exploring.
Done exploring.
Done exploring.
Done exploring.
What level of the Dungeon? (default 4, ? - help)
Okay, then.
What level of the Dungeon? (default 4, ? - help)
There is a stone staircase leading down here.
You fly downwards.
The gnoll shouts! x3; You hear a bark!
You hear a shout!
The gnoll shouts!
Found 4 stones.
There is a stone staircase leading up here.
There are monsters nearby!
Unknown command.
The wight hits you with a +3 halberd!
The wight hits you with a +4 short sword.
You feel drained. The wight hits you with a +4 falchion.
You feel drained. The wight hits you but does no damage.
You fly upwards.
There is a stone staircase leading down here.
Unknown command.
As you read the scroll labelled ZEMAKH IFOBYNUXT, it crumbles to dust.
A wave of despondency washes over your surroundings.
It was a scroll of vulnerability.
The wight hits you with a +4 battleaxe!
You feel drained. The wight hits you but does no damage.
The wight hits you with a +4 falchion.
You feel drained. The wight closely misses you.
As you read the scroll labelled DIXUTIXZOX, it crumbles to dust.
It is a scroll of identify.
f - 2 scrolls of enchant weapon The wight hits you with a +4 battleaxe!
* * * LOW HITPOINT WARNING * * *
You feel drained. The wight closely misses you.
The wight hits you with a +4 falchion!
You die...

######.....#........#........###
.....#.###...##[÷..............#
####.#......###.##..########.#.#
#.######.# #...........##.#.#
#.# #.# #..#..#####.##...# #.#
#.# #..#...# #.####.# #.# #.#
#..#.#.# #[# #.# #.# #.#
#.z#.#.# #.# #.# #.# #.#
#z@#.#.####.# #.## ##.# #.#
#zz#.#....#.# #..# #..#
#.###..#.####.#.# #..# #.##
#.#......# #†#.# #..# #.#
#.#.#..######.#.## #..# ###<##
#.#.#............# #..# .....#
#.#.#.........#..###..# ###..#
#.#[##.....)..........# #..#
#.#.##.##.#.#.##.####).


You could see 4 wights.

Vanquished Creatures
  Eustachio (D:4)
  An ogre (D:4)
  A weeping skull (D:4)
  2 scorpions
  A bombardier beetle (D:4)
  A sleepcap (D:4)
  An iguana (D:4)
  Ijyb (D:3)
  6 adders
  A white imp (D:4)
  A ribbon worm (D:3)
  An orc (D:4)
  10 bats
  8 endoplasms
  A giant cockroach (D:1)
  4 goblins
  13 hobgoblins
  2 quokkas
  4 ball pythons
  5 frilled lizards
  7 kobolds
  6 rats
  A spectral orc (D:4)
79 creatures vanquished.

Notes
Turn   | Place    | Note
-------+----------+-------------------------------------------
     0 | D:1      | uglyjohn the Draconian Conjurer began the quest for the
                  | Orb.
     0 | D:1      | Reached XP level 1. HP: 14/14 MP: 3/3
   245 | D:1      | Reached XP level 2. HP: 22/22 MP: 1/5
   601 | D:1      | Reached skill level 1 in Fighting
   766 | D:1      | Learned a level 2 spell: Searing Ray
   888 | D:1      | Reached XP level 3. HP: 28/28 MP: 2/6
  1865 | D:3      | Identified the ring of Beauty {Fly MP+9 Str+2}
  1984 | D:3      | Reached XP level 4. HP: 35/35 MP: 7/7
  2555 | D:3      | Noticed Ijyb
  2561 | D:3      | Killed Ijyb
  2722 | D:3      | Noticed a scorpion
  2748 | D:3      | Killed a scorpion
  2749 | D:3      | Reached skill level 5 in Conjurations
  2749 | D:3      | Reached XP level 5. HP: 9/41 MP: 2/9
  3322 | D:4      | Noticed Eustachio
  3336 | D:4      | Killed Eustachio
  3337 | D:4      | Reached XP level 6. HP: 28/50 MP: 3/10
  3498 | D:4      | Found a basalt altar of Yredelemnul.
  3596 | D:4      | Reached skill level 6 in Conjurations
  3785 | D:4      | Your scales start taking on a golden yellow colour.
  3785 | D:4      | Reached XP level 7. HP: 57/57 MP: 12/12
  3785 | D:4      | Gained mutation: You are resistant to acid. (rCorr) [Yellow
                  | Draconian growth]
  4064 | D:4      | Identified the +3 scimitar "Dutigup" {freeze, rElec Int-2
                  | Dex-3 SInv}
  4277 | D:5      | Entered Level 5 of the Dungeon
  4281 | D:4      | Slain by a wight

Illustrated notes

Levels and vault maps discovered:
D:1:      lightli_arrival_statuegarden, layout_basic
D:2:      layout_loops_ring
D:3:      minmay_angry_zag, layout_loops_cross, kennysheep_generic_room_2,
          uniq_ijyb
D:4:      layout_loops_ring, yredelemnul_forgotten_temple_becter,
          chequers_mini_garden, uniq_eustachio
D:5:      layout_basic

Skill      XL: |  1  2  3  4  5  6 |
---------------+-------------------+-----
Dodging        | 2 3 |  3.6
Fighting       | 1 2 3 |  3.6
Conjurations   | 5 6 |  6.4
Spellcasting   | 3 |  3.7
Stealth        | |  1.7

Action                     |  1- 3 |  4- 6 |  7- 9 || total
---------------------------+-------+-------+-------++-------
  Melee: Unarmed           |    17 |       |       ||    17
         Short sword       |    31 |       |       ||    31
         Tailslap          |     1 |     3 |     1 ||     5
         Dagger            |       |     6 |     2 ||     8
   Cast: Magic Dart        |    77 |    62 |    14 ||   153
         Searing Ray       |       |    13 |     1 ||    14
  Evoke: Wand              |       |     2 |       ||     2
    Use: Scroll            |       |       |     2 ||     2
   Stab: Paralysed         |       |     1 |       ||     1
 Armour: Skin              |    27 |    36 |    12 ||    75
  Dodge: Dodged            |    35 |    40 |     2 ||    77

Table legend: (Time is in decaauts)
 A = Elapsed time spent in this place.
 B = Non-inter-level travel time spent in this place.
 C = Inter-level travel time spent in this place.
 D = Time resting spent in this place.
 E = Time spent auto-exploring this place.
 F = Levels seen in this place.
 G = Mean time per level.
                   A        B        C        D        E       F      G
               +--------+--------+--------+--------+--------+-----+--------+
         Total |   4281 |   4226 |     55 |    938 |   2801 |   5 |  856.2 |
       Dungeon |   4281 |   4226 |     55 |    938 |   2801 |   5 |  856.2 |
               +--------+--------+--------+--------+--------+-----+--------+

Top non-repeatable levels by time:
     D:3: 1286 daAuts
     D:4: 1175 daAuts
     D:1: 1107 daAuts
     D:2: 710 daAuts
     D:5: 1 daAuts
